 Dungeon Crawl Stone Soup version 0.30.1-4-g462c640d31 (webtiles) character file.

Game seed: 18145497224848824291

16 spardeous the Conjurer (level 2, 20/20 HPs)
             Began as a Demigod Conjurer on Aug 12, 2023.
             Got out of the dungeon alive.
             The game lasted 00:00:54 (922 turns).

spardeous the Conjurer (Demigod Conjurer)            Turns: 922, Time: 00:00:55

Health: 20/20      AC:  2    Str:  8    XL:     2   Next: 27%
Magic:  7/7        EV: 12    Int: 20    God:
Gold:   63         SH:  0    Dex: 12    Spells: 4/5 levels left

rFire   . . .        f - +0 club
rCold   . . .        (no shield)
rNeg    . . .        a - +0 robe
rPois   .            (no helmet)
rElec   .            (no cloak)
rCorr   .            (no gloves)
SInv    .            (no boots)
Will    .....        (no amulet)
Stlth   ++           (no ring)
HPRegen 0.23/turn    (no ring)
MPRegen 0.10/turn

%: no passive effects
@: no status effects
A: high MP 1, forlorn, divine attributes
a: no special abilities


You escaped.
You visited 1 branch of the dungeon, and saw 1 of its levels.

You collected 63 gold pieces.

Inventory:

Hand Weapons
 f - a +0 club (weapon)
Armour
 a - a +0 robe (worn)
Scrolls
 d - 2 scrolls of identify {unknown}
 g - a scroll of vulnerability {unknown}
 j - a scroll of acquirement {unknown}
Potions
 b - a potion of magic
 c - a potion of curing {unknown}
 e - a potion of brilliance {unknown}
 h - a potion of haste {unknown}
 i - a potion of might {unknown}


   Skills:
 - Level 1.7 Dodging
 - Level 1.7 Stealth
 + Level 2.2 Spellcasting
 + Level 3.9 Conjurations


You had 4 spell levels left.
You knew the following spells:

 Your Spells              Type           Power      Damage    Failure   Level
a - Magic Dart            Conj           72%        1d6       3%          1

Your spell library contained the following spells:

 Spells                   Type           Power      Damage    Failure   Level
 Searing Ray              Conj           36%        2d5       4%          2
 Dazzling Flash           Conj/Hex       20%        N/A       21%         3
 Fulminant Prism          Conj/Hex       5%         3d7       56%         4
 Iskenderun's Mystic Bla  Conj/Tloc      10%        2d4       56%         4


Dungeon Overview and Level Annotations

Branches:
Dungeon (1/15)


Innate Abilities, Weirdness & Mutations

You have an increased reservoir of magic. (+10% MP)
You shall have no god before yourself.
Your divine heritage dramatically boosts your attributes as you level up.


Message History

There is an open door here.
Key pressed, stopping explore.
Casting: Magic Dart (safe; 3% risk of failure)
Confirm with . or Enter, or press ? or * to list all spells.
You can't see any susceptible monsters within range! (Use Z to cast anyway.) Unknown command.
You now have 63 gold pieces (gained 9).
Done exploring.
Casting: Magic Dart (safe; 3% risk of failure)
Confirm with . or Enter, or press ? or * to list all spells.
You can't see any susceptible monsters within range! (Use Z to cast anyway.) Done exploring.
Casting: Magic Dart (safe; 3% risk of failure)
Confirm with . or Enter, or press ? or * to list all spells.
You can't see any susceptible monsters within range! (Use Z to cast anyway.) Done exploring.
Casting: Magic Dart (safe; 3% risk of failure)
Confirm with . or Enter, or press ? or * to list all spells.
You can't see any susceptible monsters within range! (Use Z to cast anyway.) Unknown command.
Done exploring.
Casting: Magic Dart (safe; 3% risk of failure)
Confirm with . or Enter, or press ? or * to list all spells.
You can't see any susceptible monsters within range! (Use Z to cast anyway.) Done exploring.
Casting: Magic Dart (safe; 3% risk of failure)
Confirm with . or Enter, or press ? or * to list all spells.
You can't see any susceptible monsters within range! (Use Z to cast anyway.) Done exploring.
Casting: Magic Dart (safe; 3% risk of failure)
Confirm with . or Enter, or press ? or * to list all spells.
You can't see any susceptible monsters within range! (Use Z to cast anyway.) Done exploring.
Casting: Magic Dart (safe; 3% risk of failure)
Confirm with . or Enter, or press ? or * to list all spells.
You can't see any susceptible monsters within range! (Use Z to cast anyway.) Search for what [? for help]?
D
There is a staircase leading out of the dungeon here.
Are you sure you want to leave the Dungeon?
This will make you lose the game!
You have escaped!

#.# #.# #.## #.# #..## #.#
##..####.# ##...##.# ###..#.#
##...# ##################
#####..##### #...##.##...#..#@#
#......)...# ..#...#).##..##..#
#......>...# .#.....#.#..#..###
#..........# .##.##..##.####..#
#..........#
.....#..#.#...##.####..........#
#..#...#..###.#..##.'..........#
....#..#.#.###..###.#.......†..#
......##.##..###.##.############
..#...#.##.#...#.##.########


There were no monsters in sight!

Vanquished Creatures
  A dart slug (D:1)
  A ball python (D:1)
  2 endoplasms (D:1)
  A giant cockroach (D:1)
  A goblin (D:1)
  2 hobgoblins (D:1)
  3 bats (D:1)
  2 frilled lizards (D:1)
  A kobold (D:1)
14 creatures vanquished.

Notes
Turn   | Place    | Note
-------+----------+-------------------------------------------
     0 | D:1      | spardeous the Demigod Conjurer began the quest for the Orb.
     0 | D:1      | Reached XP level 1. HP: 14/14 MP: 5/5
   359 | D:1      | Reached XP level 2. HP: 15/20 MP: 0/7
   922 | D:$      | Got out of the dungeon alive.

Illustrated notes

Levels and vault maps discovered:
D:1:      erik_arrival_cave_to_civilisation [erik_arrival_cave_to_hall],
          layout_basic

Skill      XL: |  1 |
---------------+----+-----
Spellcasting   | 2 |  2.2
Dodging        | |  1.7
Stealth        | |  1.7
Conjurations   | |  3.9

Action                     || total
---------------------------++-------
  Melee: Club              ||     4
   Cast: Magic Dart        ||    33
 Armour: Robe              ||     8
  Dodge: Dodged            ||    17
